 Dungeon Crawl Stone Soup version 0.31-a0-940-gdaa99269f9 (webtiles) character file.

Game seed: 13908502254897729377

155 Azuregosa the Covert (level 5, -1/36 HPs)
             Began as an Octopode Delver on Oct 20, 2023.
             Slain by a bullfrog (9 damage)
             ... in a sewer.
             The game lasted 00:05:49 (1387 turns).

Azuregosa the Covert (Octopode Delver)              Turns: 1387, Time: 00:05:50

Health: -1/36      AC:  1    Str: 11    XL:     5   Next: 37%
Magic:  5/5        EV: 11    Int: 12    God:
Gold:   62         SH:  0    Dex: 16    Spells: 4/4 levels left

rFire   . . .        a - +0 falchion
rCold   . . .        (no shield)
rNeg    . . .        (helmet restricted)
rPois   .            (no amulet)
rElec   .            (no ring)
rCorr   .            (no ring)
SInv    .            (no ring)
Will    .....        (no ring)
Stlth   ++++++       (no ring)
HPRegen 0.26/turn    (no ring)
MPRegen 0.09/turn    (no ring)
                     (no ring)

%: no passive effects
@: constricted
A: almost no armour, amphibious, 8 rings, camouflage 1, gelatinous body 1,
nimble swimmer 1, tentacles
a: no special abilities


You were in a sewer.
You visited 1 branch of the dungeon, and saw 3 of its levels.
You also visited: Sewer.

You collected 62 gold pieces.

Inventory:

Hand Weapons
 a - a +0 falchion (weapon)
Wands
 f - a wand of digging (3)
Scrolls
 b - 2 scrolls of fog
 d - a scroll of fear
 g - a scroll of amnesia {unknown}
 h - a scroll of noise {unknown}
 i - a scroll of immolation {unknown}
 l - a scroll of revelation
 m - a scroll of blinking {unknown}
Potions
 c - 2 potions of attraction {unknown}
 e - a potion of haste
 j - 2 potions of invisibility {unknown}
 k - a potion of cancellation {unknown}


   Skills:
 - Level 3.0 Fighting
 - Level 2.0 Long Blades
 + Level 3.7 Dodging
 - Level 8.6 Stealth


You had 4 spell levels left.
You didn't know any spells.
Your spell library contained the following spells:

 Spells                   Type           Power      Damage    Failure   Level
 Lesser Beckoning         Tloc           0%         N/A       45%         2
 Gell's Gravitas          Tloc           0%         N/A       69%         3
 Teleport Other           Tloc           0%         N/A       69%         3


Dungeon Overview and Level Annotations

Branches:
Dungeon (5/15)              Sewer (1/1)
 Temple: D:4-7

Altars:
Nemelex Xobeh
Trog
Yredelemnul
Zin
The Shining One


Innate Abilities, Weirdness & Mutations

You cannot wear most types of armour.
You are amphibious.
You can wear up to eight rings at the same time.
Your skin changes colour to match your surroundings (Stealth+).
Your rubbery body absorbs attacks. (AC +1, EV +1)
You are camouflaged when in or above water. (Stealth+)
You have tentacles for arms and can constrict up to eight enemies at once.


Message History

A ball python and an adder come into view.
An adder and a ball python come into view.
A ball python and 2 frilled lizards come into view.
You enter the shallow water.
An adder and 2 bullfrogs come into view.
The adder hisses angrily.
The bullfrog croaks.
The frilled lizard hisses angrily.
The ball python hisses angrily.
The adder hisses angrily.
The ball python hisses angrily.
The ball python barely misses you. The ball python grabs you.
The ball python constricts you.
You escape the ball python's grasp.
The bullfrog attacks as it pursues you! The bullfrog hits you! x2
The ball python attacks as it pursues you!
The ball python bites you but does no damage.
The ball python closely misses you.
The ball python attacks as it pursues you!
The ball python completely misses you. The ball python misses you.
The bullfrog barely misses you. The bullfrog attacks as it pursues you!
The bullfrog closely misses you. The bullfrog hits you.
The bullfrog attacks as it pursues you! The bullfrog closely misses you.
The bullfrog misses you. The bullfrog hits you.
* * * LOW HITPOINT WARNING * * *
The adder misses you.
You hit the bullfrog. You grab the bullfrog. You tentacle-slap the bullfrog.
The bullfrog is lightly wounded.
You constrict the bullfrog. The bullfrog misses you.
The adder barely misses you. The adder bites you.
* * * LOW HITPOINT WARNING * * *
The bullfrog barely misses you. The adder barely misses you.
You hit the bullfrog. You squeeze the bullfrog!
The bullfrog is almost dead.
You constrict the bullfrog. The adder closely misses you.
The bullfrog closely misses you. The adder completely misses you.
The ball python misses you. The ball python grabs you.
The ball python constricts you.
* * * LOW HITPOINT WARNING * * *
The bullfrog hits you!
You die...

#..#....# ####†..##
+####################....#
....≈~≈≈≈≈≈≈≈≈≈≈≈≈≈#..†..#
l...≈≈≈≈~l≈≈≈≈~≈~~≈.....##
....≈~~~~≈≈≈~≈~~~~~...†.#
S...S≈≈~~≈~~#~~~~~~.....#
S..r~≈≈≈#~..~≈~SSS≈~...##
....r≈≈≈≈~≈~l≈SF@≈~..###
######################


You could see a bullfrog, 2 adders, 2 ball pythons and 2 frilled lizards.

Vanquished Creatures
  2 iguanas (D:5)
  5 adders
  3 river rats (Sewer)
  A worm (D:3)
  2 endoplasms
  A goblin (D:4)
  8 ball pythons
  2 frilled lizards
  19 rats
43 creatures vanquished.

Notes
Turn   | Place    | Note
-------+----------+-------------------------------------------
     0 | D:5      | Azuregosa the Octopode Delver began the quest for the Orb.
     0 | D:5      | Reached XP level 1. HP: 16/16 MP: 1/1
   108 | D:5      | Found a glowing golden altar of the Shining One.
   110 | D:5      | Found a basalt altar of Yredelemnul.
   115 | D:5      | Found a bloodstained altar of Trog.
   117 | D:5      | Found a glowing silver altar of Zin.
   174 | D:5      | Noticed an iguana
   194 | D:5      | Noticed an iguana
   198 | D:5      | Killed an iguana
   199 | D:5      | Reached skill level 7 in Stealth
   199 | D:5      | Reached XP level 2. HP: 21/21 MP: 2/2
   199 | D:5      | Reached XP level 3. HP: 26/26 MP: 3/3
   200 | D:5      | Found a sparkling altar of Nemelex Xobeh.
   230 | D:5      | Reached skill level 8 in Stealth
   317 | D:4      | Noticed a black bear
   399 | D:3      | Found a glowing drain.
   406 | D:3      | Reached XP level 4. HP: 31/31 MP: 4/4
   464 | Sewer    | Entered a sewer
   671 | Sewer    | Reached XP level 5. HP: 21/36 MP: 5/5
  1387 | Sewer    | Slain by a bullfrog

Illustrated notes

Levels and vault maps discovered:
D:3:      layout_loops_cross, mainiacjoe_sewer_entry_somewhere_in_here_1,
          ebering_ecumenical_altar_box, uniq_ijyb
D:4:      minmay_spotlight, layout_basic, kennysheep_generic_room_12
D:5:      layout_cave_pods, marbit_many_paths,
          nicolae_overflow_macrodata_refinement, serial_rivers,
          chequers_serial_rivers_micro_c, chequers_serial_rivers_micro_d,
          chequers_serial_rivers_small_b, chequers_serial_rivers_micro_e,
          nicolae_goblin_pals, uniq_pikel
Sewer:    sewer_minmay_w

Skill      XL: |  1  2  3  4 |
---------------+-------------+-----
Stealth        | 7 8 |  8.6
Dodging        | 3 |  3.7
Fighting       | |  3.0
Long Blades    | |  2.0

Action                     |  1- 3 |  4- 6 || total
---------------------------+-------+-------++-------
  Melee: Falchion          |    15 |    70 ||    85
         Tentacles         |     5 |    12 ||    17
         Constrict         |     3 |    19 ||    22
         Punch             |       |     2 ||     2
    Use: Scroll            |     1 |       ||     1
   Stab: Sleeping          |     4 |     5 ||     9
 Armour: Skin              |     4 |    45 ||    49
  Dodge: Dodged            |     9 |   106 ||   115

Table legend: (Time is in decaauts)
 A = Elapsed time spent in this place.
 B = Non-inter-level travel time spent in this place.
 C = Inter-level travel time spent in this place.
 D = Time resting spent in this place.
 E = Time spent auto-exploring this place.
 F = Levels seen in this place.
 G = Mean time per level.
                   A        B        C        D        E       F      G
               +--------+--------+--------+--------+--------+-----+--------+
         Total |   1403 |   1403 |      0 |    718 |     86 |   4 |  350.8 |
       Dungeon |    467 |    467 |      0 |    193 |     41 |   3 |  155.7 |
         Sewer |    935 |    935 |      0 |    525 |     45 |   1 |  935.0 |
               +--------+--------+--------+--------+--------+-----+--------+

Top non-repeatable levels by time:
   Sewer: 935 daAuts
     D:5: 288 daAuts
     D:4: 89 daAuts
     D:3: 89 daAuts
